 Dungeon Crawl Stone Soup version 0.29-a0-459-g97dee8c (webtiles) character file.

Game seed: 12807341749754856163

6219 Toastz the Grappler (level 10, -5/83 HPs)
             Began as a Black Draconian Transmuter on May 20, 2022.
             Was an Elder of Okawaru.
             Slain by an unseen horror (9 damage)
             ... on level 10 of the Dungeon.
             The game lasted 00:26:28 (13109 turns).

Toastz the Grappler (Black Draconian Transmuter)   Turns: 13109, Time: 00:26:28

Health: -5/83      AC:  8    Str: 17    XL:     10   Next: 61%
Magic:  13/13      EV: 13    Int: 19    God:    Okawaru [****..]
Gold:   512        SH:  0    Dex: 12    Spells: 3/13 levels left

rFire   + . .      SeeInvis .     - Unarmed
rCold   . . .      Faith    .   (no shield)
rNeg    . . .      Spirit   .   (body armour unavailable)
rPois   .          Reflect  .   (helmet currently unavailable)
rElec   +          Harm     .   l - +0 cloak
rCorr   +          Rampage  .   (no gloves)
Will    .....                   (boots currently unavailable)
Stlth   +.........              B - amulet of magic regeneration
HPRegen 0.23/turn               x - ring of Charity {rF+ rCorr}
MPRegen 0.53/turn               p - +6 ring of intelligence

@: appendages, wereblooded
A: horns 2, talons 2, breathe lightning, AC +7, unfitting armour, electricity
resistance, cold-blooded
a: Breathe Lightning, End Transformation, Renounce Religion, Heroism, Finesse


You were on level 10 of the Dungeon.
You worshipped Okawaru.
Okawaru was greatly pleased with you.
You had temporarily grown beastly horns and talons.
You visited 2 branches of the dungeon, and saw 12 of its levels.

You collected 616 gold pieces.
You spent 104 gold pieces at shops.

Inventory:

Missiles
 c - 361 stones
 d - a throwing net
 g - 45 poisoned darts
 h - 5 boomerangs (quivered)
 D - 6 boomerangs of dispersal
Armour
 k - a +2 pair of boots of flying (melded)
 l - a +0 cloak (worn)
 G - a +2 buckler
Jewellery
 p - a +6 ring of intelligence (right hand)
 x - the ring of Charity (left hand) {rF+ rCorr}
   (You found it on level 6 of the Dungeon)

   [ring of resist corrosion]

   rF:        It protects you from fire.
   rCorr:     It protects you from acid and corrosion.
 B - an amulet of magic regeneration (around neck)
 H - a +6 ring of intelligence
Wands
 r - a wand of paralysis (6)
 y - a wand of flame (13)
Scrolls
 b - 3 scrolls of silence
 e - 2 scrolls of enchant armour {unknown}
 f - 6 scrolls of teleportation
 j - a scroll of torment
 n - a scroll of noise {unknown}
 o - 2 scrolls of blinking
 q - 3 scrolls of enchant weapon {unknown}
 s - 2 scrolls of amnesia
 u - 5 scrolls of poison
 v - 2 scrolls of fog {unknown}
 A - a scroll of acquirement {unknown}
 E - a scroll of magic mapping {unknown}
 F - a scroll of immolation {unknown}
Potions
 a - a potion of degeneration {unknown}
 i - 3 potions of brilliance
 m - 4 potions of mutation
 t - 2 potions of attraction
 w - a potion of might
 z - a potion of lignification
 C - 2 potions of invisibility


   Skills:
 - Level 6.1 Fighting
 + Level 3.7 Dodging
 * Level 12.8 Unarmed Combat
 - Level 2.0 Spellcasting
 - Level 6.0 Transmutations
 - Level 5.0 Ice Magic


You had 3 spell levels left.
You knew the following spells:

 Your Spells              Type           Power      Damage    Failure   Level
a - Beastly Appendage     Tmut           48%        N/A       1%          1
b - Wereblood             Tmut           24%        N/A       2%          2
c - Ice Form              Ice/Tmut       22%        N/A       17%         4
d - Ozocubu's Armour      Ice            20%        N/A       6%          3

Your spell library contained the following spells:

 Spells                   Type           Power      Damage    Failure   Level
 Passwall                 Tmut/Erth      10%        N/A       8%          2
 Ensorcelled Hibernation  Hex/Ice        22%        N/A       9%          2
 Spider Form              Tmut/Pois      13%        N/A       14%         3
 Apportation              Tloc           2%         N/A       17%         1
 Magic Dart               Conj           4%         1d3       17%         1
 Necrotize                Necr           4%         1d4       17%         1
 Ignite Poison            Fire/Tmut/Pois 9%         N/A       22%         3
 Sublimation of Blood     Necr           1%         N/A       26%         2
 Conjure Flame            Conj/Fire      1%         6-21      45%         3
 Mephitic Cloud           Conj/Pois/Air  1%         N/A       45%         3
 Swiftness                Air            1%         N/A       45%         3
 Petrify                  Tmut/Erth      13%        N/A       43%         4
 Irradiate                Conj/Tmut      6%         3d15      80%         5
 Sticky Flame             Conj/Fire      1%         2d3       86%         4
 Ozocubu's Refrigeration  Ice            10%        4d7       100%        7
 Summon Small Mammal      Summ           Unusable   N/A       N/A         1
 Call Imp                 Summ           Unusable   N/A       N/A         2
 Summon Hydra             Summ           Unusable   N/A       N/A         7

Dungeon Overview and Level Annotations

Branches:
Dungeon (11/15)            Temple (1/1) D:4            Lair (0/6) D:10
    Orc: D:9-12

Altars:
Ashenzari
Cheibriados
Dithmenos
Elyvilon
Fedhas
Gozag
Hepliaklqana
Kikubaaqudgha
Makhleb
Nemelex Xobeh
Okawaru
Qazlal
Ru
Sif Muna
Trog
Uskayaw
Vehumet
Wu Jian
Xom
Yredelemnul
Zin
The Shining One

Shops:
D:5 ?   D:8 *


Innate Abilities, Weirdness & Mutations

You have temporarily grown beastly horns and talons.
You can breathe wild blasts of lightning.
Your glossy black scales are hard. (AC +7)
You cannot fit into any form of body armour.
You are resistant to electric shocks. (rElec)
You are cold-blooded and may be slowed by cold attacks.


Message History

Items here: )) [[ †.
You closely miss the orc wizard. You claw the orc wizard.
You headbutt the orc wizard.
The orc wizard is heavily wounded.
Something hits you. The orc wizard casts a spell at you.
You are confused.
You bump into the rock wall.
Something hits you. x3
The orc wizard hits you but does no damage.
You miss the orc wizard.
Your tail-slap misses the orc wizard.
Your punch misses the orc wizard.
The orc wizard is heavily wounded.
Something hits you. x2
The orc wizard points at you and mumbles some strange words.
The puff of flame hits you. You resist.
* * * LOW HITPOINT WARNING * * *
You're too confused to move!
Something hits you.
* * * LOW HITPOINT WARNING * * *
Something barely misses you.
The orc wizard hits you but does no damage.
You bump into the rock wall.
Something hits you!
* * * LOW HITPOINT WARNING * * *
The orc wizard closely misses you.
You closely miss the orc wizard. You claw the orc wizard.
You headbutt the orc wizard, but do no damage.
The orc wizard is severely wounded.
You punch something! Your kick misses something.
You feel less confused. Something hits you.
* * * LOW HITPOINT WARNING * * *
The orc wizard gestures wildly while chanting.
The orc wizard flickers and vanishes!
You hit something.
You feel a bit better. Okawaru accepts your kill.
Reactivating autopickup.
You feel a bit more experienced. Something hits you!
* * * LOW HITPOINT WARNING * * *
Deactivating autopickup; reactivate with Ctrl-A.
Something hits you!
You die...

..................
###.#########..###
#.# #.# #.####
##'# #....# ...
###....# ..##
..'....# ..# .#
###....# #.# .#
#....# #@# #.#
#....# #)###.###
#....# #.......#
#....# #.......#
###### #.......#
#.......#
#.......#
#.......#
###...###


There were no monsters in sight!

Vanquished Creatures
  Urug (D:10)
  Pikel (D:5)
  Joseph (D:7)
  An unseen horror (D:8)
  A shadow (D:9)
  2 wraiths
  4 yaks (D:10)
  A water moccasin (D:7)
  2 orc warriors
  3 black bears
  A sky beast (D:7)
  An ice beast (D:5)
  3 ogres
  3 centaurs
  3 lemures (D:5)
  3 kobold brigands
  2 scorpions
  5 bullfrogs
  A necrophage (D:6)
  6 killer bees (D:10)
  4 howler monkeys
  2 electric eels (D:9)
  3 jellies
  2 hounds (D:6)
  6 orc priests
  Crazy Yiuf (D:2)
  Jessica (D:2)
  Natasha (thrice) (D:2)
  4 iguanas
  13 orc wizards
  8 gnolls
  8 adders
  A shadow imp (D:7)
  A white imp (D:7)
  An ufetubus (D:5)
  4 worms
  2 dart slugs
  26 orcs
  8 bats
  4 endoplasms
  4 giant cockroaches
  10 goblins
  4 hobgoblins
  2 jackals (D:4)
  26 kobolds
  A quokka (D:2)
  11 ball pythons
  A frilled lizard (D:2)
  2 rats (D:3)
208 creatures vanquished.

Vanquished Creatures (others)
  An orc wizard (D:7)
  An orc (D:7)
2 creatures vanquished.

Grand Total: 210 creatures vanquished

Notes
Turn   | Place    | Note
-------+----------+-------------------------------------------
     0 | D:1      | Toastz the Draconian Transmuter began the quest for the
                  | Orb.
     0 | D:1      | Reached XP level 1. HP: 16/16 MP: 3/3
   263 | D:1      | Reached XP level 2. HP: 23/23 MP: 3/5
  1055 | D:2      | Noticed Jessica
  1062 | D:2      | Killed Jessica
  1063 | D:2      | Reached skill level 4 in Unarmed Combat
  1063 | D:2      | Reached XP level 3. HP: 23/30 MP: 4/6
  1257 | D:2      | Found a runed translucent door.
  1258 | D:2      | Noticed Crazy Yiuf
  1574 | D:2      | Reached XP level 4. HP: 37/37 MP: 5/7
  1603 | D:2      | Learned a level 2 spell: Wereblood
  1720 | D:2      | Found a faded altar of an unknown god.
  2056 | D:2      | Noticed Natasha
  2069 | D:2      | Killed Natasha
  2070 | D:2      | Reached skill level 5 in Unarmed Combat
  2070 | D:2      | Reached XP level 5. HP: 35/45 MP: 6/8
  2186 | D:2      | Noticed Natasha
  2192 | D:2      | Killed Natasha
  2465 | D:2      | Noticed Natasha
  2473 | D:2      | Killed Natasha
  2509 | D:2      | Killed Crazy Yiuf
  2934 | D:3      | Reached XP level 6. HP: 28/51 MP: 6/9
  3610 | D:4      | Reached skill level 6 in Unarmed Combat
  3828 | D:4      | Found a staircase to the Ecumenical Temple.
  3976 | Temple   | Entered the Ecumenical Temple
  4234 | Temple   | Became a worshipper of Warmaster Okawaru
  4867 | D:4      | Your scales start taking on a glossy black colour.
  4867 | D:4      | Reached XP level 7. HP: 59/59 MP: 10/10
  4867 | D:4      | Gained mutation: You are resistant to electric shocks.
                  | (rElec) [Black Draconian growth]
  4876 | D:4      | Reached skill level 7 in Unarmed Combat
  4976 | D:4      | Learned a level 4 spell: Ice Form
  5011 | D:5      | Entered Level 5 of the Dungeon
  5015 | D:5      | Found Foted's Magic Scroll Shoppe.
  5024 | D:5      | Bought a scroll of blinking for 82 gold pieces
  5024 | D:5      | Bought a scroll of identify for 22 gold pieces
  5455 | D:5      | Reached * piety under Okawaru
  5456 | D:5      | Reached skill level 1 in Ice Magic
  5987 | D:5      | Noticed Pikel
  6033 | D:5      | Killed Pikel
  6033 | D:5      | Reached ** piety under Okawaru
  6034 | D:5      | Reached skill level 5 in Fighting
  6034 | D:5      | Reached skill level 8 in Unarmed Combat
  6034 | D:5      | Reached XP level 8. HP: 20/68 MP: 9/11
  6855 | D:5      | Upgraded the game from 0.29-a0-457-g93c1fc3 to
                  | 0.29-a0-459-g97dee8c
  6883 | D:5      | HP: 3/103 [bullfrog (5)]
  6885 | D:5      | Reached skill level 9 in Unarmed Combat
  7716 | D:6      | Reached *** piety under Okawaru
  8035 | D:6      | Reached XP level 9. HP: 74/75 MP: 10/12
  8094 | D:6      | Found a shimmering blue altar of Sif Muna.
  8487 | D:6      | Reached skill level 10 in Unarmed Combat
  8620 | D:6      | Identified the ring of Charity {rF+ rCorr}
  8997 | D:7      | Learned a level 3 spell: Ozocubu's Armour
  9489 | D:7      | Noticed Joseph
  9500 | D:7      | HP: 1/75 [Joseph/sling bullet (22)]
  9513 | D:7      | Killed Joseph
  9514 | D:7      | Reached skill level 11 in Unarmed Combat
  9518 | D:7      | Reached **** piety under Okawaru
  9959 | D:7      | HP: 2/75 [orc warrior/+0 trident of venom (2)]
 10463 | D:8      | You fall into a shaft and drop 3 floors!
 10466 | D:11     | Noticed a manticore
 10472 | D:11     | HP: 2/75 [barbs]
 10472 | D:10     | Entered Level 10 of the Dungeon
 10805 | D:10     | Noticed Urug
 10828 | D:10     | Killed Urug
 11123 | D:8      | Reached skill level 5 in Transmutations
 11123 | D:8      | Reached skill level 5 in Ice Magic
 11123 | D:8      | Reached XP level 10. HP: 83/83 MP: 11/13
 11549 | D:8      | Found Dusigit's Neck Hole.
 11776 | D:9      | Received a gift from Okawaru
 11967 | D:9      | Reached skill level 12 in Unarmed Combat
 13058 | D:10     | Found a staircase to the Lair.
 13108 | D:10     | HP: 4/83 [something (7)]
 13109 | D:10     | Slain by an unseen horror

Illustrated notes

Levels and vault maps discovered:
D:1:      dpeg_arrival_pond, layout_basic, dreamdust_princess_bridge,
          minmay_misc_feat_pillars
D:2:      layout_loops_corners, nicolae_ecumenical_snake_handling,
          minmay_cupped, uniq_jessica, uniq_crazy_yiuf_cottage, uniq_natasha
D:3:      layout_rooms
D:4:      layout_basic, minmay_temple_entry_statues_fountains
D:5:      layout_basic, serial_shops, nicolae_shop_advertising_works
          [nicolae_subvault_shop_adworks], uniq_pikel
D:6:      layout_basic, led_sif_book, minmay_checkerbox
D:7:      layout_basic, uniq_joseph
D:8:      layout_rooms, enter_ossuary_2, st_stairs_8,
          nicolae_shop_sticking_my_neck_out
D:9:      layout_loops_cross, minivault_14
D:10:     layout_basic, lair_entry_dummy, uniq_harold, uniq_sonja, uniq_urug
D:11:     lemuel_ice_spiral_2, layout_rooms
Temple:   mainiacjoe_temple_hex_bubbles

Skill      XL: |  1  2  3  4  5  6  7  8  9 10 |
---------------+-------------------------------+-----
Fighting       | 2 3 4 5 6 |  6.1
Unarmed Combat | 4 5 6 8 9 11 12 | 12.8
Transmutations | 3 5 6 |  6.0
Ice Magic      | 2 3 5 |  5.0
Dodging        | 2 3 |  3.7
Spellcasting   | |  2.0

Action                   |  1- 3 |  4- 6 |  7- 9 | 10-12 || total
-------------------------+-------+-------+-------+-------++-------
Melee: Unarmed           |    52 |   150 |   247 |   131 ||   580
       Kick              |    11 |    37 |    46 |    32 ||   126
       Headbutt          |    10 |    18 |    34 |    20 ||    82
       Tailslap          |     3 |    14 |    21 |    12 ||    50
       Punch             |       |     1 |     7 |     3 ||    11
Throw: Stone             |    28 |    10 |       |       ||    38
       Boomerang         |       |       |    18 |     2 ||    20
 Cast: Beastly Appendage |    20 |    36 |    42 |    13 ||   111
       Wereblood         |       |     3 |     5 |     4 ||    12
       Ozocubu's Armour  |       |       |     2 |     4 ||     6
       Ice Form          |       |       |     2 |     1 ||     3
Invok: Heroism           |       |       |     4 |       ||     4
 Abil: Breathe Lightning |       |       |     5 |     1 ||     6
  Use: Scroll            |       |     4 |     5 |     1 ||    10
       Potion            |       |       |    10 |       ||    10
Armor: Skin              |    14 |    49 |    95 |    41 ||   199
Dodge: Dodged            |    41 |    76 |   165 |    65 ||   347

Table legend: (Time is in decaauts)
 A = Elapsed time spent in this place.
 B = Non-inter-level travel time spent in this place.
 C = Inter-level travel time spent in this place.
 D = Time resting spent in this place.
 E = Time spent auto-exploring this place.
 F = Levels seen in this place.
 G = Mean time per level.
                   A        B        C        D        E       F      G
               +--------+--------+--------+--------+--------+-----+--------+
         Total |  13054 |  12516 |    538 |   3432 |   7196 |  12 | 1087.8 |
       Dungeon |  12776 |  12286 |    490 |   3432 |   6969 |  11 | 1161.5 |
        Temple |    277 |    229 |     48 |      0 |    227 |   1 |  277.0 |
               +--------+--------+--------+--------+--------+-----+--------+

Top non-repeatable levels by time:
     D:5: 2486 daAuts
     D:2: 1888 daAuts
     D:7: 1696 daAuts
     D:6: 1212 daAuts
     D:4: 1183 daAuts
     D:9: 1157 daAuts
     D:1: 858 daAuts
    D:10: 824 daAuts
     D:3: 785 daAuts
     D:8: 673 daAuts
  Temple: 277 daAuts
    D:11: 8 daAuts
